 Dungeon Crawl Stone Soup version 0.23.1 (webtiles) character file.

Game seed: 15568274854700932655

6309 Borgoz the Slicer (level 10, -1/86 HPs)
             Began as a Ghoul Monk on Mar 18, 2019.
             Was a Believer of Ashenzari.
             Slain by Erica
             ... wielding a +3 scimitar of flaming
              (12 damage)
             ... on level 8 of the Dungeon.
             The game lasted 00:26:48 (10800 turns).

Borgoz the Slicer (Ghoul Monk)                     Turns: 10800, Time: 00:26:49

Health: -1/86      AC: 12    Str: 16    XL:     10   Next: 95%
Magic:  9/9        EV: 16    Int:  6    God:    Ashenzari [**....]
Gold:   441        SH:  0    Dex: 13    Spells: 9/9 levels left

rFire    . . .     SeeInvis .   a - +1 rapier
rCold    + . .     Gourm    .   (no shield)
rNeg     + + +     Faith    .   o - +0 leather armour
rPois    ∞         Spirit   .   n - +2 helmet
rElec    .         Reflect  .   E - +2 cloak {rPois}
rCorr    .         Harm     .   d - +0 pair of gloves
MR       .....                  r - +0 pair of boots
Stlth    +++.......             t - amulet of magic regeneration
HPRegen  0.00/turn              m - ring of wizardry
MPRegen  0.36/turn              w - ring of wizardry

@: about to teleport, rotting, slowed, very slow
A: rotting body, claws 1, carnivore, cold resistance 1, negative energy
resistance 3, inhibited regeneration, torment resistance, unbreathing
a: Curse Item, Scrying, Renounce Religion


You were on level 8 of the Dungeon.
You worshipped Ashenzari.
Ashenzari was pleased with you.
You were not hungry.

You visited 2 branches of the dungeon, and saw 10 of its levels.

You collected 441 gold pieces.

Inventory:

Hand Weapons
 a - a +1 rapier (weapon)
 b - a +0 blowgun
 C - a +1 dagger of freezing
Missiles
 k - 4 steel tomahawks
 y - 9 throwing nets (quivered)
 D - 4 curare-tipped needles
Armour
 d - a +0 pair of gloves (worn)
 f - a +0 ring mail of cold resistance
 n - a +2 helmet (worn)
 o - a +0 leather armour (worn)
 r - a +0 pair of boots (worn)
 E - a +2 cloak of poison resistance (worn)
Jewellery
 m - a ring of wizardry (left hand)
 t - an amulet of magic regeneration (around neck)
 w - a ring of wizardry (right hand)
Wands
 i - a wand of flame (13)
 j - a wand of random effects (13)
 q - a wand of enslavement (5)
Scrolls
 e - a scroll of teleportation
 g - 3 scrolls of blinking
 h - a scroll of fog
 l - 2 scrolls of fear
 p - 3 scrolls of magic mapping
 v - 4 scrolls of remove curse
 x - a scroll of torment
Potions
 u - 2 potions of flight
Comestibles
 c - 18 rations


   Skills:
 + Level 7.3 Fighting
 * Level 8.5 Short Blades
 + Level 5.3 Armour
 * Level 8.5 Dodging
 + Level 7.7 Stealth


You had 9 spell levels left.
You didn't know any spells.
Your spell library contained the following spells:

 Spells                   Type           Power        Failure   Level  Hunger
 Corona                   Hex            #......      16%         1    ##.....
 Ensorcelled Hibernation  Hex/Ice        #.....       22%         2    ###....
 Confuse                  Hex            #.......     41%         3    ####...
 Dazzling Spray           Conj/Hex       #.....       41%         3    ####...
 Tukima's Dance           Hex            #.......     41%         3    ####...


Dungeon Overview and Level Annotations

Branches:
Dungeon (9/15)             Temple (1/1) D:5
   Lair: D:8-11         Orc: D:9-12

Altars:
Ashenzari
Cheibriados
Dithmenos
Elyvilon
Fedhas
Gozag
Hepliaklqana
Kikubaaqudgha
Makhleb
Nemelex Xobeh
Okawaru
Qazlal
Ru
Sif Muna
Trog
Uskayaw
Vehumet
Wu Jian
Xom
Yredelemnul
Zin
The Shining One

Shops:
D:5 [   D:8 (

Annotations:
D:4 Eustachio
D:5 1 runed translucent door, Crazy Yiuf, Sigmund
D:8 Erica, Gastronok
D:9 Erolcha


Innate Abilities, Weirdness & Mutations

Your body is rotting away.
You thrive on raw meat.
You are immune to poison.
You have sharp fingernails.
You are carnivorous and can eat meat at any time.
Your flesh is cold resistant. (rC+)
You are immune to negative energy. (rN+++)
You do not regenerate when monsters are visible.
You are immune to unholy pain and torment.
You can survive without breathing.


Message History

Gastronok's eyestalks quiver as he mumbles some strange words.
You feel better. Something hits you but does no damage.
Gastronok sloshes about.
Gastronok chants a spell, wobbling all the while.
Gastronok puts on a burst of speed!
Something hits you!
* * * LOW HITPOINT WARNING * * *
Something burns you.
* * * LOW HITPOINT WARNING * * *
You hit something.
You hear some strange, mumbled words.
Something tries to affect you, but you resist.
As you read the scroll of teleportation, it crumbles to dust.
You feel strangely unstable.
You hear some strange, mumbled words.
An orb of energy appears from out of thin air!
The orb of energy hits you!
* * * LOW HITPOINT WARNING * * *
Unknown command.
You hit something but do no damage. Something hits you!
You die...

# ##.##...*#..##........#.#####.
# #.##.#.##.##.....#...........
#####............###.#.#.[.#####.
##.......#.###<### #)#........#..
#..####..#.....# #..###..##...#
.).).##.....#### ##.@###>.##..#
............### ##..##..###..
.)...#..#....w#### ##.....###.#
######.##..#rrb{@## ####..)##.#
...........#.###..## #...##.#
...####.#..#.# ##..#######.#.#...
...# ##...##.# ##.##............
..## #(..###.# #....######.##..
..# #.#.# #.. ###### ####.##.#
..####.#.####. ** #........
..........# ., #........
..[.......# ** #........


You could see Gastronok, a river rat, a quokka and a bat.

Vanquished Creatures
  Harold (D:8)
  A two-headed ogre (D:8)
  Pikel (D:4)
  2 slime creatures (D:7)
  A hippogriff (D:9)
  2 yaks (D:9)
  Edmund (D:5)
  A water moccasin (D:9)
  Duvessa (D:5)
  3 sky beasts
  A slave (D:4)
  2 ice beasts
  An orc warrior (D:6)
  2 black bears
  A centaur (D:5)
  5 ogres
  4 bullfrogs
  A gnoll sergeant (D:5)
  Dowan (D:5)
  4 scorpions
  4 killer bees (D:9)
  3 howler monkeys
  A crimson imp (D:6)
  A centaur zombie (D:8)
  A quasit (D:5)
  4 orc priests
  2 hounds (D:5)
  3 jellies (D:7)
  2 gnoll shamans
  4 orc wizards
  3 iguanas
  6 worker ants
  A killer bee zombie (D:7)
  2 hound skeletons
  Robin (D:4)
  16 adders
  13 gnolls
  2 howler monkey skeletons
  7 oozes (D:7)
  2 adder skeletons
  6 worms
  A dart slug (D:2)
  6 leopard geckos
  28 orcs
  A ball python (D:2)
  9 giant cockroaches
  17 goblins
  13 hobgoblins
  3 jackals (D:7)
  3 quokkas
  7 bats
  6 frilled lizards
  A giant cockroach zombie (D:6)
  22 kobolds
  A leopard gecko zombie (D:6)
  13 rats
251 creatures vanquished.

Vanquished Creatures (others)
  A slave (D:4)
  A fungus (D:7)
  10 toadstools (D:7)
12 creatures vanquished.

Grand Total: 263 creatures vanquished

Notes
Turn   | Place    | Note
-------+----------+-------------------------------------------
     0 | D:1      | Borgoz the Ghoul Monk began the quest for the Orb.
     0 | D:1      | Reached XP level 1. HP: 19/19 MP: 0/0
    88 | D:1      | Reached XP level 2. HP: 22/26 MP: 1/1
   744 | D:1      | Reached XP level 3. HP: 29/30 MP: 2/2
  1351 | D:2      | Reached XP level 4. HP: 34/38 MP: 3/3
  1430 | D:2      | Reached skill level 1 in Armour
  1461 | D:2      | Reached XP level 5. HP: 18/46 MP: 4/4
  2999 | D:4      | Reached XP level 6. HP: 50/50 MP: 5/5
  3022 | D:4      | Found a deep blue altar of Sif Muna.
  3136 | D:4      | Noticed a slave
  3136 | D:4      | Noticed a slave
  3136 | D:4      | Noticed a slave
  3136 | D:4      | Noticed Pikel
  3140 | D:4      | Noticed a slave
  3188 | D:4      | Killed a slave
  3411 | D:4      | Killed Pikel
  3411 | D:4      | Reached XP level 7. HP: 35/60 MP: 6/6
  3464 | D:4      | Reached skill level 5 in Short Blades
  3565 | D:4      | Reached skill level 5 in Dodging
  3565 | D:4      | Reached XP level 8. HP: 48/67 MP: 7/7
  3693 | D:4      | Noticed Robin
  3794 | D:4      | Killed Robin
  4175 | D:5      | Entered Level 5 of the Dungeon
  4175 | D:5      | Noticed Eustachio
  4613 | D:5      | Found a runed translucent door.
  4614 | D:5      | Noticed Crazy Yiuf
  4616 | D:5      | Noticed Sigmund
  4656 | D:5      | Found a staircase to the Ecumenical Temple.
  4728 | D:5      | Reached skill level 5 in Fighting
  5125 | D:5      | HP: 1/67 [gnoll sergeant/+2 vampiric spear (7)]
  5826 | D:5      | Reached skill level 5 in Stealth
  6035 | D:5      | Noticed Edmund
  6037 | D:5      | Noticed Duvessa
  6037 | D:5      | Noticed Dowan
  6066 | D:5      | Killed Edmund
  6087 | D:5      | Killed Duvessa
  6109 | D:5      | Killed Dowan
  6131 | Temple   | Entered the Ecumenical Temple
  6390 | D:5      | Reached XP level 9. HP: 52/74 MP: 8/8
  6565 | D:5      | Found Ahuam's Armour Shoppe.
  6687 | D:5      | Found a burning altar of Makhleb.
  6689 | D:5      | Found a bloodstained altar of Trog.
  6689 | D:5      | Found a blossoming altar of Fedhas.
  6689 | D:5      | Found a shadowy altar of Dithmenos.
  6689 | D:5      | Found a sacrificial altar of Ru.
  7219 | D:6      | Found a stormy altar of Qazlal.
  7220 | D:6      | Found a shattered altar of Ashenzari.
  7224 | D:6      | Became a worshipper of Ashenzari the Shackled
  7224 | D:6      | Reached * piety under Ashenzari
  7224 | D:6      | Reached ** piety under Ashenzari
  8787 | D:7      | Reached XP level 10. HP: 24/84 MP: 9/9
  9011 | D:8      | Noticed Harold
  9020 | D:8      | Killed Harold
  9191 | D:8      | Noticed a two-headed ogre
  9193 | D:8      | Noticed Gastronok
  9206 | D:8      | Killed a two-headed ogre
  9206 | D:8      | Reached skill level 5 in Armour
  9215 | D:8      | Noticed Erica
  9444 | D:8      | Found a stormy altar of Qazlal.
  9608 | D:8      | Found Veuwnom's Antique Weapon Shoppe.
 10010 | D:9      | Found a glowing golden altar of the Shining One.
 10010 | D:9      | Found a glowing silver altar of Zin.
 10010 | D:9      | Found a white marble altar of Elyvilon.
 10333 | D:9      | Noticed Erolcha
 10800 | D:8      | Slain by Erica

Skill      XL: |  1  2  3  4  5  6  7  8  9 10 |
---------------+-------------------------------+-----
Short Blades   | 3 4 5 6 7 8 |  8.5
Dodging        | 3 4 5 6 7 8 |  8.5
Armour         | 1 2 3 4 5 |  5.3
Stealth        | 3 4 5 6 7 |  7.7
Fighting       | 4 5 6 7 |  7.3

Action                   |  1- 3 |  4- 6 |  7- 9 | 10-12 || total
-------------------------+-------+-------+-------+-------++-------
Melee: Short sword       |   161 |     1 |       |       ||   162
       Dagger            |       |   289 |   214 |       ||   503
       Rapier            |       |       |   557 |   251 ||   808
Evoke: Wand              |       |     3 |     2 |     6 ||    11
  Use: Potion            |     3 |     4 |     6 |     2 ||    15
       Scroll            |       |       |     4 |     9 ||    13
 Stab: Sleeping          |     3 |    15 |     8 |    10 ||    36
  Eat: Chunk             |    11 |    16 |    58 |    21 ||   106
Armor: Robe              |    41 |     9 |       |       ||    50
       Leather armour    |       |    37 |   288 |    57 ||   382
Dodge: Dodged            |   151 |   136 |   679 |   169 ||  1135
